 Dungeon Crawl Stone Soup version 0.32-a0-30-gefbe487952 (webtiles) character file.

Game seed: 6237390195639625085

90 apoch the Trooper (level 4, 0/29 HPs)
             Began as a Gargoyle Monk on Jan 19, 2024.
             Was the Champion of Ignis.
             Slain by an orc priest
             ... wielding a +0 dagger
              (3 damage)
             ... on level 3 of the Dungeon.
             The game lasted 00:04:40 (1212 turns).

apoch the Trooper (Gargoyle Monk)                   Turns: 1212, Time: 00:04:41

Health: 0/29       AC:  8    Str: 17    XL:     4   Next: 56%
Magic:  4/4        EV: 11    Int: 10    God:    Ignis [******]
Gold:   90         SH:  0    Dex: 12    Spells: 3/3 levels left

rFire   + . .        a - +0 mace
rCold   . . .        d - orb {light}
rNeg    + . .        h - +0 ring mail
rPois   ∞            (no helmet)
rElec   +            (no cloak)
rCorr   .            (no gloves)
SInv    .            (no boots)
Will    .....        (no amulet)
Stlth   +            (no ring)
HPRegen 0.24/turn    (no ring)
MPRegen 0.09/turn

%: no passive effects
@: glowing
A: sickness immunity, AC +3, negative energy resistance 1, electricity
resistance, torment resistance 1, petrification resistance
a: Renounce Religion, Fiery Armour, Foxfire Swarm, Rising Flame


You were on level 3 of the Dungeon.
You worshipped Ignis.
Ignis was exalted by your worship.
You visited 1 branch of the dungeon, and saw 3 of its levels.

You collected 90 gold pieces.

Inventory:

Hand Weapons
 a - a +0 mace (weapon)
Armour
 b - a +0 robe
 d - an orb of light (worn)
 h - a +0 ring mail (worn)
Jewellery
 g - a ring of wizardry
 p - a ring of willpower
 q - a +6 ring of strength
 s - a +6 ring of dexterity
 u - a ring of fire
Talismans
 e - a storm talisman
Scrolls
 f - 3 scrolls of teleportation
 i - a scroll of identify
 n - a scroll of revelation
Potions
 c - 2 potions of ambrosia
 j - a potion of degeneration
 o - a potion of curing
 r - 2 potions of might
 t - a potion of enlightenment


   Skills:
 - Level 4.2 Fighting
 + Level 3.9 Maces & Flails
 - Level 3.1 Dodging


You had 3 spell levels left.
You didn't know any spells.
Your spell library was empty.

Dungeon Overview and Level Annotations

Branches:
Dungeon (3/15)

Altars:
Ignis

Shops:
D:3 *


Innate Abilities, Weirdness & Mutations

You are immune to sickness and miasma.
Your stone body is resilient. (AC +3)
You are immune to poison.
You resist negative energy. (rN+)
You are resistant to electric shocks. (rElec)
You are resistant to unholy torment.
You are immune to petrification.


Message History

A frilled lizard comes into view.
Found a ring mail and a leather armour.
No target in range!
No target in range!
No target in range!
No target in range!
No target in range!
The frilled lizard bites you but does no damage.
You barely miss the frilled lizard. The frilled lizard barely misses you.
You hit the frilled lizard.
You kill the frilled lizard!
No target in view!
You see here a frilled lizard corpse.
An orc priest comes into view. It is wielding a +0 dagger.
An orc priest is nearby!
The orc priest shouts!
The orc priest calls down the wrath of Beogh upon you.
Beogh smites you!
The orc priest mumbles some strange prayers to Beogh against you.
Pain shoots through your body!
An orc comes into view. It is wielding a +0 dagger.
Found a short sword.
The orc shouts!
You hear a shout!
The orc priest hits you but does no damage.
The orc priest invokes the aid of Beogh against you.
Beogh smites you!
* * * LOW HITPOINT WARNING * * *
The orc barely misses you. 2 orcs come into view.
Found a pair of boots.
The orc shouts!
The orc priest attacks as it pursues you!
The orc priest barely misses you. The orc hits you but does no damage.
The orc priest barely misses you. The orc hits you but does no damage.
You hit the orc priest.
The orc priest is moderately wounded.
The orc priest hits you but does no damage.
The orc closely misses you.
The orc priest hits you with a +0 dagger.
You die...

,* ***,,,,,,,,..[.#####*
***,,,, ,* **,,,,,**#........#
*,,,,,, ** *,,,,,* #.o......#
*,,,,,, *******,,,,**
#.o......##**,,,***
,,,,,**,,,,* #.....)....,,,,,*
,,,,,**,,,,** #..........,,,,,*
,,,,,,,,,,.,**#...........,,,,*
,,,,,,,,,,..,*#.o.........,,,,*
,,,,,,,,,,,...#o@.........,,***
,,,,,,,,,,,,#.#...........,,*
,,,,,,,,,,,,#...[.....[...,,*
****,,,,,,,,##...........,,,*
*,,,,,,,,*#.......##..,,,*
*,,,,,,,,*#.......#*,.,,,*****
*,,,,,,,,*#.......#*,,,,,,,,,,
*,,,,,,,,*#.......#****,,,,,,,
**********#....†### *,,,,,,,


You could see an orc priest and 3 orcs.

Vanquished Creatures
  A hound (D:2)
  2 dart slugs (D:1)
  8 ball pythons
  3 bats
  7 endoplasms
  5 giant cockroaches
  4 goblins
  3 hobgoblins
  2 jackals (D:2)
  3 quokkas
  3 frilled lizards
  6 kobolds
  3 rats
  A spectral hobgoblin (D:1)
51 creatures vanquished.

Notes
Turn   | Place    | Note
-------+----------+-------------------------------------------
     0 | D:1      | apoch the Gargoyle Monk began the quest for the Orb.
     0 | D:1      | Reached XP level 1. HP: 14/14 MP: 1/1
    98 | D:1      | Reached XP level 2. HP: 12/19 MP: 2/2
   150 | D:1      | Found a faded altar of an unknown god.
   162 | D:1      | Prayed at the altar of an unknown god.
   162 | D:1      | Became a worshipper of Ignis, the Dying Flame
   162 | D:1      | Reached ****** piety under Ignis
   328 | D:1      | Reached XP level 3. HP: 24/24 MP: 3/3
   713 | D:2      | Reached skill level 4 in Fighting
   903 | D:2      | Reached XP level 4. HP: 27/29 MP: 4/4
  1151 | D:3      | Found Duanucw's Assorted Antiques.
  1212 | D:3      | Slain by an orc priest

Illustrated notes

Levels and vault maps discovered:
D:1:      lemuel_arrival_broad_hall, layout_rooms,
          dreamdust_ecumenical_altar_drowned_temple
D:2:      layout_rooms, minmay_tripent
D:3:      layout_basic, serial_shops, nicolae_shop_crystal

Skill      XL: |  1  2  3 |
---------------+----------+-----
Fighting       | 4 |  4.2
Dodging        | 3 |  3.1
Maces & Flails | |  3.9

Action                     |  1- 3 |  4- 6 || total
---------------------------+-------+-------++-------
  Melee: Mace              |   121 |    11 ||   132
    Use: Scroll            |       |     9 ||     9
 Armour: Ring mail         |    61 |     9 ||    70
         Robe              |     2 |       ||     2
  Dodge: Dodged            |    84 |     9 ||    93

Table legend: (Time is in decaauts)
 A = Elapsed time spent in this place.
 B = Non-inter-level travel time spent in this place.
 C = Inter-level travel time spent in this place.
 D = Time resting spent in this place.
 E = Time spent auto-exploring this place.
 F = Levels seen in this place.
 G = Mean time per level.
                   A        B        C        D        E       F      G
               +--------+--------+--------+--------+--------+-----+--------+
         Total |   1253 |   1175 |     78 |     80 |    655 |   3 |  417.7 |
       Dungeon |   1253 |   1175 |     78 |     80 |    655 |   3 |  417.7 |
               +--------+--------+--------+--------+--------+-----+--------+

Top non-repeatable levels by time:
     D:1: 653 daAuts
     D:2: 547 daAuts
     D:3: 52 daAuts
